 Dungeon Crawl Stone Soup version 0.29.1-15-g9cfb28693d (webtiles) character file.

Game seed: 12731539491647866494

17 firemarshallily the Ducker (level 3, -1/28 HPs)
             Began as a Meteoran Wanderer on Mar 15, 2023.
             Slain by an adder (2 damage)
             ... on level 2 of the Dungeon.
             The game lasted 00:03:28 (367 turns).

firemarshallily the Ducker (Meteoran Wanderer)       Turns: 367, Time: 00:03:29

Health: -1/28      AC:  3    Str: 14    XL:     3   Next: 2%
Magic:  4/4        EV: 13    Int: 12    God:
Gold:   7          SH:  0    Dex: 16    Spells: 2/2 levels left

rFire   . . .      SeeInvis .   c - +0 spear
rCold   . . .      Faith    .   (no shield)
rNeg    . . .      Spirit   .   e - +0 robe
rPois   .          Reflect  .   d - +0 helmet
rElec   .          Harm     .   (no cloak)
rCorr   .          Rampage  .   (no gloves)
Will    .....                   (no boots)
Stlth   +.........              (no amulet)
HPRegen 0.09/turn               (no ring)
MPRegen 0.09/turn               (no ring)

@: lethally poisoned (-1 -> -4), glowing
A: sense surroundings 1, otherworldly, glowing, explore regen
a: no special abilities


You were on level 2 of the Dungeon.
You visited 1 branch of the dungeon, and saw 2 of its levels.

You collected 7 gold pieces.

Inventory:

Hand Weapons
 a - a +2 dagger
 c - a +0 spear (weapon)
Missiles
 f - 10 poisoned darts (quivered)
Armour
 d - a +0 helmet (worn)
 e - a +0 robe (worn)
Potions
 b - 3 potions of haste


   Skills:
 * Level 1.3 Fighting
 + Level 3.8 Polearms
 + Level 3.9 Dodging
 + Level 2.3 Stealth
 - Level 1.2 Evocations


You had 2 spell levels left.
You didn't know any spells.
Your spell library was empty.

Dungeon Overview and Level Annotations

Branches:
Dungeon (2/15) Zot: 836

Altars:


Innate Abilities, Weirdness & Mutations

You passively map a small area around you.
You are easily found by Zot.
You glow in the dark.
You regain HP and MP as you explore.


Message History

The adder barely misses you.
You miss the adder.
The adder is severely wounded.
You feel sick.
The hobgoblin hits you but does no damage.
The adder barely misses you.
You hit the adder.
The adder is almost dead.
You feel sick. The adder bites you.
The hobgoblin hits you but does no damage.
You barely miss the adder.
The adder is almost dead.
You feel sick. The adder bites you. The hobgoblin barely misses you.
You hit the adder but do no damage.
The adder is almost dead.
You feel sick.
You are no longer poisoned.
The adder bites you.
* * * LOW HITPOINT WARNING * * *
You are poisoned.
The adder poisons you! The hobgoblin hits you.
* * * LOW HITPOINT WARNING * * *
You miss the adder.
The adder is almost dead.
* * * LOW HITPOINT WARNING * * *
You feel sick. The adder bites you.
* * * LOW HITPOINT WARNING * * *
The hobgoblin closely misses you. The adder barely misses you.
Unknown command.
As you read the scroll labelled FINUXI WAMIPP, it crumbles to dust.
It is a scroll of identify.
You don't have any unidentified items.
* * * LOW HITPOINT WARNING * * *
You feel sick. The adder bites you but does no damage.
The hobgoblin completely misses you.
Okay, then.
You barely miss the adder.
The adder is almost dead.
The adder bites you.
You die...

, * * * * * * , # , *
* *#. . ,, , .# , .
... )####.. ....###*
##....>. ,
(.....g######....###.
, #S@..†.......... ,
########.#..... ,
#...# ### , ,
##.##...# , ##..#
.### ...., ,
###..#...# ..>...
#......###*** * ...).
#..##### *##...# #..#


You could see an adder and a hobgoblin.

Vanquished Creatures
  A dart slug (D:1)
  A ball python (D:1)
  A bat (D:1)
  2 giant cockroaches (D:1)
  A goblin (D:1)
  A hobgoblin (D:1)
  2 kobolds (D:1)
  A quokka (D:2)
  A frilled lizard (D:1)
  2 rats (D:1)
13 creatures vanquished.

Vanquished Creatures (others)
  A fungus (D:1)
1 creature vanquished.

Grand Total: 14 creatures vanquished

Notes
Turn   | Place    | Note
-------+----------+-------------------------------------------
     0 | D:1      | firemarshallily the Meteoran Wanderer began the quest for
                  | the Orb.
     0 | D:1      | firemarshallily set off with the following items: a +2
                  | dagger, 2 potions of haste, a +0 spear, a +0 helmet, a +0
                  | robe.
     0 | D:1      | Reached XP level 1. HP: 14/14 MP: 2/2
    92 | D:1      | Reached XP level 2. HP: 12/22 MP: 3/3
   115 | D:1      | Reached skill level 1 in Fighting
   351 | D:2      | Reached XP level 3. HP: 18/28 MP: 4/4
   366 | D:2      | HP: 1/28 [poisoned by an adder]
   367 | D:2      | Slain by an adder

Illustrated notes

Levels and vault maps discovered:
D:1:      dpeg_arrival_water_fire, layout_basic, minivault_4,
          nrook_loot_triangle
D:2:      layout_rooms, minmay_tripent

Skill      XL: |  1  2 |
---------------+-------+-----
Fighting       | 1 |  1.3
Polearms       | |  3.8
Dodging        | |  3.9
Stealth        | |  2.3
Evocations     | |  1.2

Action                   || total
-------------------------++-------
Melee: Dagger            ||    15
       Spear             ||    45
  Use: Scroll            ||     1
Armor: Robe              ||    13
Dodge: Dodged            ||    26
